 Dungeon Crawl Stone Soup version 0.31-a0-664-g902f515a81 (webtiles) character file.

Game seed: 5464420000033743483

3834 Revguard the Shield-Bearer (level 10, -12/77 HPs)
             Began as a Formicid Fighter on Sept 2, 2023.
             Was an Initiate of Hepliaklqana.
             Mangled by a gnoll sergeant
             ... wielding a +0 halberd
              (14 damage)
             ... in a bailey.
             The game lasted 00:17:25 (6892 turns).

Revguard the Shield-Bearer (Formicid Fighter)       Turns: 6892, Time: 00:17:25

Health: -12/77     AC: 15    Str: 24    XL:     10   Next: 40%
Magic:  14/14      EV: 13    Int: 10    God:    Hepliaklqana [......]
Gold:   608        SH: 14    Dex: 23    Spells: 9/9 levels left

rFire   . . .        y - +4 battleaxe
rCold   . . .        p - +2 kite shield
rNeg    . . .        r - +4 ring mail of Refuge {Regen+ Str+3 Int+2}
rPois   +            (helmet unavailable)
rElec   .            A - +2 cloak {rCorr}
rCorr   +            h - +0 pair of gloves
SInv    +            (no boots)
Will    +....        (no amulet)
Stlth   +            f - ring of poison resistance
HPRegen 1.12/turn    j - +6 ring of dexterity
MPRegen 0.14/turn

%: no passive effects
@: weakened, attractive
A: permanent stasis, dig shafts and tunnels, antennae 3, four strong arms
a: Dig, Renounce Religion


You were in a bailey.
You worshipped Hepliaklqana.
Hepliaklqana was noncommittal.
You visited 2 branches of the dungeon, and saw 8 of its levels.
You also visited: Bailey.

You collected 815 gold pieces.
You spent 207 gold pieces at shops.

Inventory:

Hand Weapons
 k - a +1 war axe of flaming
 y - a +4 battleaxe (weapon)
Armour
 h - a +0 pair of gloves (worn)
 p - a +2 kite shield (worn)
 r - the +4 ring mail of Refuge (worn) {Regen+ Str+3 Int+2}
   (You bought it in a shop on level 5 of the Dungeon)

   Str+3:     It affects your strength (+3).
   Int+2:     It affects your intelligence (+2).
   Regen+:    It increases your rate of health regeneration.
 A - a +2 cloak of preservation (worn)
Jewellery
 a - an amulet of the acrobat
 f - a ring of poison resistance (left hand)
 j - a +6 ring of dexterity (right hand)
 q - a +6 ring of strength
 s - a ring of protection from fire
 D - a ring of protection from cold
 E - a ring of fire
Wands
 c - a wand of polymorph (13)
 n - a wand of iceblast (4)
 x - a wand of paralysis (5)
Scrolls
 i - a scroll of vulnerability
 v - a scroll of poison
 B - 2 scrolls of fog
Potions
 b - a potion of heal wounds
 e - 2 potions of curing
 g - a potion of lignification
 l - a potion of resistance
 o - a potion of haste
 t - a potion of mutation
 w - a potion of berserk rage
 z - a potion of brilliance


   Skills:
 + Level 6.5 Fighting
 * Level 7.4 Axes
 + Level 6.6 Armour
 + Level 4.4 Dodging
 + Level 7.6 Shields
 + Level 5.7 Invocations
 + Level 5.3 Evocations


You had 9 spell levels left.
You didn't know any spells.
Your spell library contained the following spells:

 Spells                   Type           Power      Damage    Failure   Level
 Sublimation of Blood     Necr           0%         N/A       85%         2
 Wereblood                Tmut           0%         N/A       85%         2
 Ignite Poison            Fire/Tmut/Pois 0%         N/A       97%         3
 Sticky Flame             Conj/Fire      0%         2d3       100%        4
 Arcjolt                  Conj/Air       0%         1d10      100%        5
 Summon Hydra             Summ           0%         N/A       100%        7
 Ignition                 Fire           0%         3d3       100%        8
 Maxwell's Capacitive Co  Air            0%         ∞         100%        8
 Vhi's Electric Charge    Tloc/Air       Unusable   N/A       N/A         4

Dungeon Overview and Level Annotations

Branches:
Dungeon (7/15)             Temple (1/1) D:6          Bailey (1/1)

Altars:
Cheibriados
Dithmenos
Elyvilon
Fedhas
Gozag
Hepliaklqana
Kikubaaqudgha
Makhleb
Okawaru
Qazlal
Ru
Sif Muna
Trog
Xom
Yredelemnul
Zin
The Shining One

Shops:
D:5 [


Innate Abilities, Weirdness & Mutations

You cannot be hasted, slowed, berserked, paralysed or teleported.
You can dig through walls and to a lower floor.
You have a pair of large antennae on your head. (SInv)
Your four strong arms can wield two-handed weapons with a shield.


Message History

You block the wolf's attack. The wolf bites you but does no damage.
The wolf misses you. The wolf bites you but does no damage.
You block the gnoll's attack. The gnoll sergeant closely misses you.
The gnoll sergeant completely misses you.
The wolf bites you but does no damage. The gnoll bouda misses you.
The wolf misses you.
The wolf stops to sniff the ground.
The wolf bites you.
* * * LOW HITPOINT WARNING * * *
The wolf misses you.
The gnoll bouda hits you but does no damage.
The gnoll sergeant barely misses you. The gnoll hits you with a +0 halberd!
* * * LOW HITPOINT WARNING * * *
The gnoll sergeant closely misses you.
The gnoll sergeant hits you from afar with a +0 halberd.
* * * LOW HITPOINT WARNING * * *
The wolf bites you but does no damage.
The gnoll bouda gazes fiercely through you!
You feel as though you will be weak longer.
You block the gnoll bouda's attack.
As you read the scroll of torment, it crumbles to dust.
Your body is wracked with pain!
* * * LOW HITPOINT WARNING * * *
The gnoll sergeant convulses!
The wolf convulses!
The gnoll convulses!
The wolf convulses! x2; The gnoll sergeant convulses!
The gnoll bouda convulses! x2
The gnoll sergeant convulses!
The gnoll bouda is no longer moving quickly.
You block the wolf's attack. The wolf barely misses you.
The wolf bites you but does no damage. x2
The gnoll bouda barks out a call to the hunt!
The gnoll bouda picks up the pace!
You block the wolf's attack.
The gnoll sergeant hits you from afar with a +0 bardiche.
* * * LOW HITPOINT WARNING * * *
You block the wolf's attack. The wolf barely misses you.
The gnoll closely misses you.
The gnoll sergeant hits you with a +0 halberd.
* * * LOW HITPOINT WARNING * * *
The gnoll sergeant hits you from afar with a +0 halberd!
You die...

♣♣♣♣♣♣♣♣♣♣♣♣
≈≈≈≈≈≈≈≈≈≈≈♣♣ ##########
#...≈≈♣ ##.8.......
{###..≈. ##..ggg.....,{
#..≈. ♣ #..hhhg.....,{
#..≈. ♣≈ #..h@g#####,,{
#..≈. ♣≈. #...g##...##{{
#..≈.
♣≈..##'###.....######..≈.
♣≈.....)#.......#...'...)
♣≈...)..'...8...((..'...)
♣≈......#...).).#...'....
♣≈..##+###..)))######..≈.
♣≈.. ##...## { #..≈. ♣≈.
##### { #..≈.


You could see 3 gnoll sergeants, 4 wolves, 2 gnoll boudas and a gnoll (swift).

Vanquished Creatures
  Joseph (D:7)
  Eustachio (D:4)
  Menkaure (D:7)
  Duvessa (D:5)
  2 water moccasins (D:6)
  4 ice beasts
  An orc warrior (D:7)
  2 black bears
  An ogre (D:6)
  A wolf (Bailey)
  A phantom (D:4)
  Blork the orc (D:5)
  A bullfrog (D:6)
  4 gnoll sergeants
  3 scorpions
  Dowan (D:5)
  3 wights (D:6)
  5 jellies
  9 hounds
  Crazy Yiuf (D:5)
  3 orc priests
  3 gnoll boudas (Bailey)
  A sleepcap (D:5)
  5 iguanas
  6 orc wizards
  16 gnolls
  8 adders
  A shadow imp (D:5)
  A white imp (D:7)
  2 ufetubi (D:5)
  3 worms
  3 dart slugs
  25 orcs
  5 ball pythons
  6 bats
  2 endoplasms
  3 giant cockroaches
  9 goblins
  8 hobgoblins
  5 kobolds
  7 quokkas
  2 frilled lizards
  4 rats
172 creatures vanquished.

Vanquished Creatures (others)
  An orc (D:5)
1 creature vanquished.

Grand Total: 173 creatures vanquished

Notes
Turn   | Place    | Note
-------+----------+-------------------------------------------
     0 | D:1      | Revguard the Formicid Fighter began the quest for the Orb.
     0 | D:1      | Reached XP level 1. HP: 18/18 MP: 1/1
    89 | D:1      | Reached XP level 2. HP: 24/24 MP: 2/2
   601 | D:1      | Reached skill level 1 in Invocations
   601 | D:1      | Reached XP level 3. HP: 24/29 MP: 3/3
  1058 | D:2      | Reached skill level 1 in Evocations
  1143 | D:2      | Reached XP level 4. HP: 34/36 MP: 4/4
  1245 | D:2      | Reached skill level 1 in Dodging
  1617 | D:3      | Reached XP level 5. HP: 42/42 MP: 6/6
  1966 | D:3      | Found a shimmering altar of Xom.
  1995 | D:3      | Found a burning altar of Makhleb.
  1997 | D:3      | Noticed a blizzard demon
  2001 | D:3      | Noticed a neqoxec
  2001 | D:3      | Noticed a smoke demon
  2391 | D:3      | Reached XP level 6. HP: 35/48 MP: 7/7
  2714 | D:4      | Reached XP level 7. HP: 40/54 MP: 8/8
  2832 | D:4      | Reached skill level 5 in Shields
  2913 | D:4      | Noticed Eustachio
  2944 | D:4      | Killed Eustachio
  3625 | D:4      | Reached XP level 8. HP: 41/61 MP: 10/10
  3707 | D:4      | Found a bloodstained altar of Trog.
  3814 | D:5      | Entered Level 5 of the Dungeon
  4327 | D:5      | Noticed Duvessa
  4328 | D:5      | Noticed Dowan
  4336 | D:5      | Killed Dowan
  4337 | D:5      | Reached skill level 5 in Axes
  4337 | D:5      | Killed Duvessa
  4338 | D:5      | Reached skill level 5 in Fighting
  4338 | D:5      | Reached skill level 5 in Armour
  4415 | D:5      | Found Neit's Antique Armour Boutique.
  4536 | D:5      | Found a runed translucent door.
  4542 | D:5      | Noticed Crazy Yiuf
  4567 | D:5      | Killed Crazy Yiuf
  4744 | D:5      | Noticed Blork the orc
  4753 | D:5      | Killed Blork the orc
  5258 | D:6      | Reached XP level 9. HP: 68/68 MP: 11/11
  5330 | D:6      | Found a staircase to the Ecumenical Temple.
  5345 | Temple   | Entered the Ecumenical Temple
  5425 | Temple   | Became a worshipper of Hepliaklqana the Forgotten
  5656 | D:6      | Found a blossoming altar of Fedhas.
  5659 | D:6      | Found a stormy altar of Qazlal.
  5910 | D:6      | Reached skill level 5 in Invocations
  6170 | D:6      | Reached XP level 10. HP: 76/76 MP: 13/13
  6425 | D:5      | Bought a jewelled ring mail for 207 gold pieces
  6425 | D:5      | Identified the +4 ring mail of Refuge {Regen+ Str+3 Int+2}
                  | (You bought it in a shop on level 5 of the Dungeon)
  6561 | D:7      | Found an opulent altar of Gozag.
  6638 | D:7      | Noticed Joseph
  6642 | D:7      | Noticed Menkaure
  6655 | D:7      | Killed Menkaure
  6656 | D:7      | Killed Joseph
  6657 | D:7      | Reached skill level 5 in Evocations
  6717 | D:7      | Found a sacrificial altar of Ru.
  6729 | D:7      | Found a flagged portal.
  6740 | D:7      | Identified the +3 ring mail of the Catamount {Str+2 Dex+3}
  6749 | Bailey   | Entered a bailey
  6892 | Bailey   | HP: 2/77 [gnoll sergeant/+0 halberd (2)]
  6892 | Bailey   | Mangled by a gnoll sergeant

Illustrated notes

Levels and vault maps discovered:
D:1:      co_arrival_square_in_a_square_in_a_square, layout_basic,
          nicolae_twisty_statue_hallways
D:2:      layout_rooms
D:3:      layout_loops_ring, lemuel_tele_altar, makhleb_altar_promises_db
D:4:      layout_loops_ring, lemuel_coloured_pillars_altar,
          dreamdust_gnoll_farm, uniq_eustachio
D:5:      layout_layer_cave, serial_rivers, chequers_serial_rivers_large_b,
          chequers_serial_rivers_marsh, chequers_serial_rivers_micro_e,
          chequers_serial_rivers_large_a, chequers_serial_rivers_micro_b,
          chequers_serial_rivers_small_3, serial_shops, shop, uniq_duvessa,
          uniq_blork_the_orc, uniq_crazy_yiuf_cottage
D:6:      minmay_polygon_palace, layout_basic,
          grunt_temple_overflow_forces_of_nature, minmay_temple_entry_tees,
          hangedman_abyss_or_decor_stabs, chequers_serial_rivers_marsh
D:7:      layout_rooms, nicolae_ru_sacrificial_ziggurat,
          nicolae_overflow_crystal_walls, evilmike_ruin_ashenzari,
          enter_bailey_6, uniq_jeremiah, uniq_joseph, uniq_menkaure
Temple:   compressed_dpeg_circular_temple
Bailey:   bailey_polearm_gnolls_kennysheep, bailey

Skill      XL: |  1  2  3  4  5  6  7  8  9 10 |
---------------+-------------------------------+-----
Invocations    | 1 2 3 5 |  5.7
Evocations     | 1 2 3 4 5 |  5.3
Dodging        | 1 2 3 4 |  4.4
Axes           | 3 4 5 6 7 |  7.4
Armour         | 4 5 6 |  6.6
Fighting       | 4 5 6 |  6.5
Shields        | 5 6 7 |  7.6

Action                     |  1- 3 |  4- 6 |  7- 9 | 10-12 || total
---------------------------+-------+-------+-------+-------++-------
  Melee: War axe           |    78 |   117 |   153 |       ||   348
         Battleaxe         |       |       |    67 |    47 ||   114
  Evoke: Wand              |       |       |       |     1 ||     1
    Use: Scroll            |       |    14 |     5 |     4 ||    23
         Potion            |       |     1 |     3 |     2 ||     6
   Stab: Invisible         |       |       |     4 |       ||     4
         Paralysed         |       |       |       |     9 ||     9
 Armour: Scale mail        |    74 |    74 |   154 |       ||   302
         Ring mail         |       |       |       |    86 ||    86
  Dodge: Dodged            |    44 |    41 |    90 |    77 ||   252
  Block: Buckler           |    21 |     1 |       |       ||    22
         Kite shield       |       |    82 |   180 |    92 ||   354

Table legend: (Time is in decaauts)
 A = Elapsed time spent in this place.
 B = Non-inter-level travel time spent in this place.
 C = Inter-level travel time spent in this place.
 D = Time resting spent in this place.
 E = Time spent auto-exploring this place.
 F = Levels seen in this place.
 G = Mean time per level.
                   A        B        C        D        E       F      G
               +--------+--------+--------+--------+--------+-----+--------+
         Total |   7150 |   6896 |    254 |    338 |   4535 |   9 |  794.4 |
       Dungeon |   6890 |   6636 |    254 |    302 |   4535 |   7 |  984.3 |
        Temple |    106 |    106 |      0 |      0 |      0 |   1 |  106.0 |
        Bailey |    153 |    153 |      0 |     36 |      0 |   1 |  153.0 |
               +--------+--------+--------+--------+--------+-----+--------+

Top non-repeatable levels by time:
     D:5: 1467 daAuts
     D:4: 1447 daAuts
     D:6: 1222 daAuts
     D:1: 1041 daAuts
     D:3: 925 daAuts
     D:2: 525 daAuts
     D:7: 260 daAuts
  Bailey: 153 daAuts
  Temple: 106 daAuts
